 Dungeon Crawl Stone Soup version 0.29.1-13-g9f3cf754e1 (webtiles) character file.

Game seed: 9443547240165622585

60 MacCMillion the Digger (level 4, -3/24 HPs)
             Began as a Gargoyle Earth Elementalist on Jan 21, 2023.
             Slain by Grinder (5 damage)
             ... while paralysed by Grinder
             ... on level 3 of the Dungeon.
             The game lasted 00:04:02 (2431 turns).

MacCMillion the Digger (GrEE)                       Turns: 2431, Time: 00:04:03

Health: -3/24      AC:  5    Str: 11    XL:     4   Next: 4%
Magic:  3/7        EV:  2    Int: 18    God:
Gold:   98         SH:  0    Dex: 10    Spells: 3/7 levels left

rFire   . . .      SeeInvis .   f - +0 dagger
rCold   . . .      Faith    .   (no shield)
rNeg    + . .      Spirit   .   a - +0 robe
rPois   ∞          Reflect  +   (no helmet)
rElec   +          Harm     .   (no cloak)
rCorr   .          Rampage  .   (no gloves)
Will    .....                   (no boots)
Stlth   ++........              j - amulet of reflection
HPRegen 0.08/turn               (no ring)
MPRegen 0.10/turn               (no ring)

@: paralysed
A: sickness immunity, AC +3, negative energy resistance 1, electricity
resistance, torment resistance 1, petrification resistance
a: no special abilities


You were on level 3 of the Dungeon.
You visited 1 branch of the dungeon, and saw 3 of its levels.

You collected 98 gold pieces.

Inventory:

Hand Weapons
 f - a +0 dagger (weapon)
Armour
 a - a +0 robe (worn)
Jewellery
 j - an amulet of reflection (around neck)
Wands
 k - a wand of iceblast (9)
Scrolls
 c - a scroll of poison {unknown}
 d - 4 scrolls of blinking {unknown}
 e - a scroll of brand weapon {unknown}
 h - 3 scrolls of teleportation {unknown}
 l - a scroll of fog {unknown}
Potions
 b - a potion of magic
 g - a potion of flight {unknown}
 i - 2 potions of berserk rage {unknown}
 m - a potion of cancellation {unknown}


   Skills:
 - Level 1.5 Dodging
 - Level 2.2 Stealth
 - Level 2.0 Spellcasting
 + Level 1.5 Conjurations
 - Level 0.7 Transmutations
 + Level 5.3 Earth Magic


You had 3 spell levels left.
You knew the following spells:

 Your Spells              Type           Power      Damage    Failure   Level
a - Sandblast             Erth           42%        2d11      1%          1
b - Stone Arrow           Conj/Erth      28%        3d8       13%         3

Your spell library contained the following spells:

 Spells                   Type           Power      Damage    Failure   Level
 Passwall                 Tmut/Erth      10%        N/A       8%          2
 Poisonous Vapours        Pois/Air       2%         N/A       26%         2
 Gell's Gravitas          Tloc           1%         N/A       47%         3
 Lesser Beckoning         Tloc           1%         N/A       47%         3
 Teleport Other           Tloc           1%         N/A       47%         3
 Petrify                  Tmut/Erth      12%        N/A       45%         4
 Corpse Rot               Necr/Pois/Air  1%         N/A       87%         4


Dungeon Overview and Level Annotations

Branches:
Dungeon (3/15)

Altars:

Annotations:
D:3 Grinder


Innate Abilities, Weirdness & Mutations

You are immune to sickness and miasma.
Your stone body is resilient. (AC +3)
You are immune to poison.
You resist negative energy. (rN+)
You are resistant to electric shocks. (rElec)
You are resistant to unholy torment.
You are immune to petrification.


Message History

You are too injured to fight recklessly!
You are too injured to fight recklessly!
Unknown command.
You closely miss Grinder.
Grinder is lightly wounded.
Grinder hits you.
* * * LOW HITPOINT WARNING * * *
You writhe in agony.
* * * LOW HITPOINT WARNING * * *
Aiming: Sandblast (safe; 1% risk of failure)
Press: ? - help, Q - select action, (/) - cycle Shift-Dir - straight line, f/p - Grinder
Aim: Grinder, carrying a wand of digging (3) (lightly wounded, 81% to hit)
The blast of sand hits Grinder but does no damage.
Grinder is lightly wounded.
Grinder says, "Just stop there for a second..."
Grinder hits you but does no damage.
Unknown command.
Aiming: Sandblast (safe; 1% risk of failure)
Press: ? - help, Q - select action, (/) - cycle Shift-Dir - straight line, f/p - Grinder
Aim: Grinder, carrying a wand of digging (3) (lightly wounded, 81% to hit)
The blast of sand hits Grinder.
Grinder is moderately wounded.
Grinder hits you.
* * * LOW HITPOINT WARNING * * *
You writhe in agony.
* * * LOW HITPOINT WARNING * * *
Grinder misses you.
Unknown command.
Aiming: Sandblast (safe; 1% risk of failure)
Press: ? - help, Q - select action, (/) - cycle Shift-Dir - straight line, f/p - Grinder
Aim: Grinder, carrying a wand of digging (3) (moderately wounded, 81% to hit)
The blast of sand hits Grinder!
Grinder is heavily wounded.
Grinder gestures at you.
You suddenly lose the ability to move!
Grinder gestures at you. You resist with significant effort.
Grinder hits you but does no damage. Grinder hits you.
You die...

.?..... ....... #......
....... ..[.... #. ##.......
##. ####........... ..
#.............. #.##
##.@.#........# #...
#.5............
####..######..............
#.........................
###.###...########$........$
.##.......# #..........
.##..####.## ##.........#
....## #..# #..#......##
..#.# ##.######[###.....#


You could see Grinder.

Vanquished Creatures
  2 dart slugs
  2 ball pythons
  5 endoplasms
  5 giant cockroaches
  11 goblins
  7 hobgoblins
  2 kobolds
  A quokka (D:1)
  3 bats
  3 frilled lizards
  6 rats
47 creatures vanquished.

Notes
Turn   | Place    | Note
-------+----------+-------------------------------------------
     0 | D:1      | MacCMillion the Gargoyle Earth Elementalist began the quest
                  | for the Orb.
     0 | D:1      | Reached XP level 1. HP: 10/10 MP: 3/3
   139 | D:1      | Reached skill level 4 in Earth Magic
   194 | D:1      | Reached XP level 2. HP: 15/15 MP: 3/5
  1245 | D:2      | Reached XP level 3. HP: 19/19 MP: 4/6
  1249 | D:2      | Learned a level 3 spell: Stone Arrow
  1434 | D:2      | Reached skill level 5 in Earth Magic
  1780 | D:2      | Reached skill level 1 in Conjurations
  1997 | D:3      | Noticed Grinder
  1997 | D:3      | Paralysed by Grinder for 2 turns
  2004 | D:3      | Paralysed by Grinder for 5 turns
  2208 | D:3      | Reached XP level 4. HP: 21/24 MP: 1/7
  2374 | D:3      | Found a faded altar of an unknown god.
  2427 | D:3      | HP: 1/24 [Grinder (2)]
  2428 | D:3      | Paralysed by Grinder for 5 turns
  2431 | D:3      | Slain by Grinder

Illustrated notes

Levels and vault maps discovered:
D:1:      shiori_arrival_oz, layout_loops_corners
D:2:      layout_basic
D:3:      layout_rooms, ebering_ecumenical_altar_box, corexii_hall_statues_i,
          uniq_grinder

Skill      XL: |  1  2  3 |
---------------+----------+-----
Earth Magic    | 4 5 |  5.3
Conjurations   | 1 |  1.5
Dodging        | |  1.5
Stealth        | |  2.2
Spellcasting   | |  2.0
Transmutations | |  0.7

Action                   |  1- 3 |  4- 6 || total
-------------------------+-------+-------++-------
Melee: Dagger            |     6 |     9 ||    15
 Cast: Sandblast         |    59 |     7 ||    66
Armor: Robe              |     4 |     4 ||     8
Dodge: Dodged            |    12 |     3 ||    15
Block: Other             |     5 |     1 ||     6
